 Dungeon Crawl Stone Soup version 0.20.1-1-g8b1a95d (webtiles) character file.

9825 KrisztiCat the Basher (level 11, -1/148 HPs)
             Began as a Minotaur Berserker on Nov 13, 2017.
             Was a High Priest of Trog.
             Slain by an eight-headed hydra (8 damage)
             ... on level 11 of the Dungeon.
             The game lasted 00:54:48 (8619 turns).

KrisztiCat the Basher (Minotaur Berserker)          Turns: 8619, Time: 00:54:49

Health: -1/148     AC: 11    Str: 31    XL:     11   Next: 28%
Magic:  10/10      EV: 14    Int:  6    God:    Trog [*****.]
Gold:   566        SH:  0    Dex: 10    Spells: 10/10 levels left

rFire    . . .     SeeInvis .   C - +4 flail (venom)
rCold    . . .     Gourm    .   (no shield)
rNeg     + . .     Faith    .   L - +1 scale mail of the Thirteen Nights {rElec}
rPois    +         Spirit   .   (helmet restricted)
rElec    +         Reflect  .   g - +1 cloak {rPois}
rCorr    .         Harm     .   (no gloves)
MR       .....                  (no boots)
Stlth    ..........             (no amulet)
Regen    0.4/turn               w - +3 ring of strength
MPRegen  0.2/turn               h - ring of positive energy

@: berserking, very quick
A: retaliatory headbutt, horns 2
a: Berserk, Trog's Hand, Brothers in Arms, Burn Spellbooks, Renounce Religion


You were on level 11 of the Dungeon.
You worshipped Trog.
Trog was extremely pleased with you.
You were near starving.

You visited 2 branches of the dungeon, and saw 12 of its levels.
You also visited: Sewer.

You collected 566 gold pieces.

Inventory:

Hand Weapons
 t - a +3 great mace of holy wrath
 C - a +4 flail of venom (weapon)
 K - a +1 mace of protection
Missiles
 N - 5 poisoned tomahawks (quivered)
Armour
 g - a +1 cloak of poison resistance (worn)
 k - a +2 cloak of magic resistance
 L - the +1 scale mail of the Thirteen Nights (worn) {rElec}
   (You found it on level 6 of the Dungeon)

   It insulates you from electricity.
Jewellery
 e - an uncursed ring of flight
 f - an uncursed ring of fire
 h - a ring of positive energy (right hand)
 i - an uncursed ring of magical power
 n - an uncursed ring of magical power
 w - a +3 ring of strength (left hand)
 y - an uncursed ring of magical power
 D - a +3 ring of dexterity
Wands
 d - a wand of flame (20/48)
 v - a wand of iceblast (5/15)
 J - a wand of disintegration (8/24)
 M - a wand of polymorph (12/24)
 O - a wand of confusion (28/48)
 Q - a wand of lightning (4/15)
Scrolls
 o - 2 scrolls of enchant armour
 p - 3 scrolls of teleportation
 r - 5 scrolls of enchant weapon
 x - a scroll of magic mapping {unknown}
 z - 2 scrolls of identify
 A - 3 scrolls of remove curse
 F - a scroll of recharging {unknown}
 I - a scroll of amnesia {unknown}
 P - a scroll of blinking {unknown}
 R - 2 scrolls of fear {unknown}
Potions
 l - a potion of lignification
 m - a potion of resistance
 q - a potion of haste
 s - 7 potions of curing
 u - 2 potions of berserk rage
 B - 3 potions of heal wounds
 E - a potion of mutation
 G - 2 potions of flight
Comestibles
 b - 15 fruits
 c - 8 bread rations
 j - 8 royal jellies
 H - 7 meat rations


   Skills:
 + Level 10.0 Fighting
 - Level 14.0 Maces & Flails
 + Level 9.3 Armour
 + Level 8.8 Dodging


You had 10 spell levels left.
You didn't know any spells.

Dungeon Overview and Level Annotations

Branches:
Dungeon (11/15)            Temple (1/1) D:7            Lair (0/6) D:10
    Orc: D:9-12

Altars:
Ashenzari
Cheibriados
Dithmenos
Elyvilon
Fedhas
Gozag
Hepliaklqana
Kikubaaqudgha
Makhleb
Nemelex Xobeh
Okawaru
Qazlal
Ru
Sif Muna
Trog
Uskayaw
Vehumet
Xom
Yredelemnul
Zin
The Shining One


Innate Abilities, Weirdness & Mutations

You reflexively headbutt those who attack you in melee.
You have a pair of horns on your head.


Message History

You feel yourself moving faster!
You feel mighty!
You are near starving!
The eight-headed hydra misses you. The eight-headed hydra bites you!
* * * LOW HITPOINT WARNING * * *
The eight-headed hydra completely misses you.
The eight-headed hydra bites you!
* * * LOW HITPOINT WARNING * * *
The eight-headed hydra barely misses you. x2
The eight-headed hydra closely misses you.
The eight-headed hydra bites you.
* * * LOW HITPOINT WARNING * * *
You completely miss the eight-headed hydra.
Your headbutt misses the eight-headed hydra.
The eight-headed hydra is moderately wounded.
The eight-headed hydra bites you!
* * * LOW HITPOINT WARNING * * *
The eight-headed hydra barely misses you.
The eight-headed hydra closely misses you.
The eight-headed hydra bites you!
You die...

...######
#......<#
#...###.#######
###.. #.......#
......###....##.#
#....@Dc....#
##.#####...##
###.### #.....# .
#.#.#.####....
#...l.........
#.###.####.###
#.#...l....l. .
#.###.c....


You could see an eight-headed hydra and a centaur.

Vanquished Creatures
  A centaur warrior (D:11)
  A hydra (D:9)
  2 two-headed ogres
  Pikel (D:8)
  A komodo dragon (D:10)
  2 dream sheep (D:9)
  A hornet (D:4)
  Sigmund (D:2)
  A wraith (D:11)
  A wyvern (D:11)
  2 yaks (D:9)
  A hungry ghost (D:8)
  Edmund (D:5)
  Duvessa (D:6)
  5 orc warriors
  2 slaves (D:8)
  Purgy (Sewer)
  2 black bears (D:9)
  A hornet zombie (D:8)
  A phantom (D:8)
  2 sky beasts
  2 ice beasts
  2 necrophages (D:9)
  2 ogres
  A centaur (D:5)
  3 big kobolds (D:9)
  A wyvern zombie (D:6)
  8 bullfrogs
  A gnoll sergeant (D:9)
  Dowan (D:6)
  4 scorpions
  A water moccasin skeleton (D:7)
  3 howler monkeys
  3 crimson imps
  A bullfrog zombie (D:8)
  A jelly (D:9)
  A centaur skeleton (D:4)
  5 hounds
  10 orc priests
  Crazy Yiuf (D:2)
  3 iguanas
  7 worker ants
  17 orc wizards
  A killer bee zombie (D:4)
  A hound zombie (D:5)
  A hound skeleton (D:4)
  A worker ant zombie (D:6)
  13 adders
  10 gnolls
  A river rat (D:5)
  3 shadow imps
  An ooze (D:1)
  2 adder skeletons
  An adder zombie (D:7)
  6 worms
  11 leopard geckos
  30 orcs
  2 ball pythons
  11 giant cockroaches
  8 hobgoblins
  19 jackals
  15 kobolds
  6 quokkas
  A ball python skeleton (D:4)
  11 bats
  5 frilled lizards
  7 goblins
  A leopard gecko skeleton (D:6)
  3 quokka skeletons
  A quokka zombie (D:7)
  14 rats
295 creatures vanquished.

Vanquished Creatures (others)
  A sky beast (D:10)
  A slave (D:8)
2 creatures vanquished.

Grand Total: 297 creatures vanquished

Notes
Turn   | Place    | Note
-------+----------+-------------------------------------------
     0 | D:1      | KrisztiCat the Minotaur Berserker began the quest for the Orb.
     0 | D:1      | Reached XP level 1. HP: 19/19 MP: 0/0
   320 | D:1      | Reached skill level 4 in Maces & Flails
   320 | D:1      | Reached XP level 2. HP: 21/27 MP: 1/1
   507 | D:1      | Reached XP level 3. HP: 27/33 MP: 2/2
   585 | D:1      | Reached ** piety under Trog
   960 | D:2      | Reached skill level 5 in Maces & Flails
   995 | D:2      | Found a shimmering altar of Xom.
  1070 | D:2      | Noticed Sigmund
  1083 | D:2      | Killed Sigmund
  1083 | D:2      | Reached skill level 7 in Maces & Flails
  1083 | D:2      | Reached XP level 4. HP: 40/40 MP: 3/3
  1083 | D:2      | Reached XP level 5. HP: 46/46 MP: 4/4
  1195 | D:2      | Found a radiant altar of Vehumet.
  1690 | D:2      | Reached XP level 6. HP: 44/52 MP: 5/5
  1702 | D:2      | Reached skill level 8 in Maces & Flails
  1844 | D:2      | Reached *** piety under Trog
  1927 | D:2      | Found a runed door.
  1931 | D:2      | Noticed Crazy Yiuf
  1939 | D:2      | Killed Crazy Yiuf
  2860 | D:4      | Noticed an orc warrior
  2872 | D:4      | Killed an orc warrior
  2872 | D:4      | Reached skill level 9 in Maces & Flails
  2904 | D:5      | Entered Level 5 of the Dungeon
  2973 | D:5      | Reached XP level 7. HP: 45/58 MP: 6/6
  2985 | D:5      | Found a shattered altar of Ashenzari.
  3064 | D:5      | Reached skill level 10 in Maces & Flails
  3139 | D:5      | Noticed Edmund
  3148 | D:5      | Killed Edmund
  3242 | D:5      | Reached **** piety under Trog
  3299 | D:5      | Found a glowing drain.
  3303 | Sewer    | Entered a sewer
  3391 | Sewer    | Noticed Purgy
  3398 | Sewer    | Killed Purgy
  3398 | Sewer    | Reached skill level 11 in Maces & Flails
  3661 | D:4      | Reached XP level 8. HP: 44/66 MP: 7/7
  3745 | D:4      | Noticed a hornet
  3752 | D:4      | Killed a hornet
  3824 | D:4      | Reached skill level 12 in Maces & Flails
  4724 | D:5      | Reached skill level 13 in Maces & Flails
  4825 | D:5      | Reached ***** piety under Trog
  4826 | D:5      | Found a deep blue altar of Sif Muna.
  5122 | D:6      | Reached XP level 9. HP: 57/71 MP: 8/8
  5272 | D:6      | Reached skill level 14 in Maces & Flails
  5292 | D:6      | Got a warped scale mail
  5303 | D:6      | Identified the +1 scale mail of the Thirteen Nights {rElec} (You found it on level 6 of the Dungeon)
  5330 | D:6      | Found a hazy altar of Hepliaklqana.
  5651 | D:6      | Noticed Duvessa
  5651 | D:6      | Noticed Dowan
  5661 | D:6      | Killed Duvessa
  5666 | D:6      | Killed Dowan
  5666 | D:6      | Reached skill level 5 in Fighting
  5947 | D:7      | Found a shadowy altar of Dithmenos.
  5968 | D:7      | Found a staircase to the Ecumenical Temple.
  5997 | Temple   | Entered the Ecumenical Temple
  6325 | D:7      | Found a stormy altar of Qazlal.
  6426 | D:8      | Reached skill level 5 in Armour
  6467 | D:8      | Reached skill level 5 in Dodging
  6487 | D:8      | Noticed Pikel
  6516 | D:8      | Killed Pikel
  6584 | D:8      | Reached XP level 10. HP: 60/84 MP: 9/9
  6679 | D:8      | Received a gift from Trog
  6714 | D:8      | Found an ancient bone altar of Kikubaaqudgha.
  6715 | D:8      | Found a bloodstained altar of Trog.
  6786 | D:8      | Noticed a two-headed ogre
  6798 | D:8      | Killed a two-headed ogre
  7155 | D:9      | Received a gift from Trog
  7197 | D:9      | Noticed a three-headed hydra
  7209 | D:9      | Killed a three-headed hydra
  7440 | D:10     | Entered Level 10 of the Dungeon
  7649 | D:9      | Found a bloodstained altar of Trog.
  8042 | D:11     | Reached XP level 11. HP: 79/97 MP: 10/10
  8147 | D:10     | Noticed a two-headed ogre
  8151 | D:10     | Killed a two-headed ogre
  8299 | D:10     | Found a staircase to the Lair.
  8594 | D:11     | Noticed a centaur warrior
  8594 | D:11     | Noticed an ogre mage
  8596 | D:11     | Noticed an eight-headed hydra
  8615 | D:11     | Killed a centaur warrior
  8615 | D:11     | Reached skill level 10 in Fighting
  8619 | D:11     | HP: 7/148 [eight-headed hydra (12)]
  8619 | D:11     | Slain by an eight-headed hydra

Skill      XL: |  1  2  3  4  5  6  7  8  9 10 11 |
---------------+----------------------------------+-----
Maces & Flails | 4 7 9 11 13 14 | 14.0
Fighting       | 6 9 10 | 10.0
Armour         | 6 8 9 |  9.3
Dodging        | 5 8 |  8.8

Action                   |  1- 3 |  4- 6 |  7- 9 | 10-12 || total
-------------------------+-------+-------+-------+-------++-------
Melee: Mace              |    76 |   129 |   349 |       ||   554
       Headbutt          |    13 |    20 |    87 |    46 ||   166
       Flail             |       |       |    39 |   204 ||   243
Invok: Berserk           |     1 |     1 |     5 |     2 ||     9
       Burn Spellbooks   |       |       |       |     1 ||     1
Evoke: Wand              |       |       |     4 |       ||     4
  Use: Scroll            |       |     8 |     9 |     1 ||    18
       Potion            |       |       |     1 |     1 ||     2
  Eat: Chunk             |       |     8 |    15 |     8 ||    31
       Royal jelly       |       |       |     1 |       ||     1
Armor: Scale mail        |    44 |    49 |   122 |    55 ||   270
       Animal skin       |     2 |       |       |       ||     2
Dodge: Dodged            |    58 |    59 |   141 |   112 ||   370
